 Dungeon Crawl Stone Soup version 0.29.1-4-g47bece8355 (webtiles) character file.

Game seed: 4410752623777788797

3094 ketamineguy the Cleaver (level 9, 0/109 (112) HPs)
             Began as a Minotaur Fighter on Dec 4, 2022.
             Was a Believer of Trog.
             Slain by sanboga's ghost (8 damage)
             ... on level 7 of the Dungeon.
             The game lasted 00:29:15 (5047 turns).

ketamineguy the Cleaver (Minotaur Fighter)          Turns: 5047, Time: 00:29:16

HP:   0/109 (112)   AC: 15    Str: 24    XL:     9   Next: 59%
MP:   8/8           EV:  9    Int:  5    God:    Trog [**....]
Gold: 275           SH:  5    Dex: 11    Spells: 8/8 levels left

rFire   . . .      SeeInvis .   a - +0 war axe
rCold   . . .      Faith    .   c - +0 buckler
rNeg    . . .      Spirit   .   s - +0 chain mail
rPois   .          Reflect  .   (helmet restricted)
rElec   .          Harm     .   l - +0 cloak
rCorr   .          Rampage  .   (no gloves)
Will    ++...                   d - +1 pair of boots
Stlth   ..........              o - amulet of regeneration
HPRegen 2.08/turn               (no ring)
MPRegen 0.11/turn               (no ring)

@: berserking, strong-willed, regenerating, lightly drained, very quick
A: horns 2, retaliatory headbutt
a: Renounce Religion, Berserk, Trog's Hand


You were on level 7 of the Dungeon.
You worshipped Trog.
Trog was pleased with you.
You visited 2 branches of the dungeon, and saw 8 of its levels.

You collected 374 gold pieces.
You spent 99 gold pieces at shops.

Inventory:

Hand Weapons
 a - a +0 war axe (weapon)
 B - a +0 shortbow
Missiles
 k - 9 poisoned darts
 x - a throwing net
Armour
 b - a +0 scale mail
 c - a +0 buckler (worn)
 d - a +1 pair of boots (worn)
 l - a +0 cloak (worn)
 s - a +0 chain mail (worn)
 C - an orb of mayhem
 G - +0 steam dragon scales
Magical Staves
 h - a staff of earth
Jewellery
 o - an amulet of regeneration (around neck)
Wands
 w - a wand of light (10) (quivered)
 z - a wand of flame (6)
 E - a wand of paralysis (9)
Scrolls
 f - 4 scrolls of amnesia
 g - a scroll of summoning {unknown}
 i - 2 scrolls of teleportation
 m - a scroll of immolation
 n - a scroll of silence {unknown}
 r - a scroll of poison {unknown}
 u - 2 scrolls of noise
 y - 2 scrolls of identify
 A - 2 scrolls of enchant armour
 D - a scroll of vulnerability {unknown}
 F - a scroll of butterflies {unknown}
 H - a scroll of blinking {unknown}
 I - a scroll of fear
Potions
 e - a potion of lignification {unknown}
 j - 5 potions of mutation
 p - 3 potions of curing
 q - 2 potions of attraction
 t - 2 potions of flight {unknown}
 v - 2 potions of invisibility {unknown}
 J - a potion of heal wounds


   Skills:
 + Level 6.1 Fighting
 * Level 12.0 Axes
 * Level 9.0 Armour
 + Level 2.5 Dodging
 - Level 0.6 Stealth
 + Level 5.4 Shields


You had 8 spell levels left.
You didn't know any spells.
Your spell library contained the following spells:

 Spells                   Type           Power      Damage    Failure   Level
 Portal Projectile        Hex/Tloc       0%         N/A       100%        3
 Tukima's Dance           Hex            0%         N/A       100%        3
 Blade Hands              Tmut           0%         N/A       100%        5
 Iskenderun's Battlesphe  Conj           0%         2d6       100%        5
 Iron Shot                Conj/Erth      0%         9d1       100%        6
 Spellforged Servitor     Conj/Summ      0%         N/A       100%        7


Dungeon Overview and Level Annotations

Branches:
Dungeon (7/15)             Temple (1/1) D:4

Altars:
Ashenzari
Cheibriados
Dithmenos
Elyvilon
Fedhas
Gozag
Hepliaklqana
Kikubaaqudgha
Makhleb
Nemelex Xobeh
Okawaru
Ru
Sif Muna
Trog
Uskayaw
Wu Jian
Xom
Yredelemnul
Zin
The Shining One

Shops:
D:7 *

Annotations:
D:7 Sambug2000's ghost, novice HOFi; sanboga's ghost, novice TrMo; speculusfracta's ghost, novice DENe


Innate Abilities, Weirdness & Mutations

You have a pair of horns on your head.
You reflexively headbutt those who attack you in melee.


Message History

You block speculusfracta's ghost's attack.
You barely miss sanboga's ghost. You headbutt sanboga's ghost.
Sanboga's ghost is moderately damaged.
You hit Sambug2000's ghost but do no damage.
You miss speculusfracta's ghost. You slash sanboga's ghost!
You headbutt sanboga's ghost!
Sanboga's ghost is severely damaged.
You hit Sambug2000's ghost.
You closely miss speculusfracta's ghost.
Sanboga's ghost barely misses you. Sambug2000's ghost hits you.
You block speculusfracta's ghost's attack.
You hit sanboga's ghost.
Sanboga's ghost is severely damaged.
You miss speculusfracta's ghost. You barely miss Sambug2000's ghost.
You closely miss sanboga's ghost. Your headbutt misses sanboga's ghost.
Sanboga's ghost is severely damaged.
You hit speculusfracta's ghost but do no damage.
You hit Sambug2000's ghost but do no damage.
Sanboga's ghost hits you! Sambug2000's ghost barely misses you.
Speculusfracta's ghost hits you but does no damage.
You hit sanboga's ghost.
Sanboga's ghost is severely damaged.
You slash speculusfracta's ghost! You barely miss Sambug2000's ghost.
Sanboga's ghost hits you!!
* * * LOW HITPOINT WARNING * * *
Sambug2000's ghost hits you.
* * * LOW HITPOINT WARNING * * *
Speculusfracta's ghost draws life force from you!!
* * * LOW HITPOINT WARNING * * *
Speculusfracta's ghost is healed by the life force!
You are too berserk!
You barely miss sanboga's ghost. You headbutt sanboga's ghost.
Sanboga's ghost is severely damaged.
You hit speculusfracta's ghost. You hit Sambug2000's ghost.
You hit sanboga's ghost but do no damage.
Your headbutt misses sanboga's ghost.
Sanboga's ghost is severely damaged.
You miss speculusfracta's ghost. You slash Sambug2000's ghost!
Sanboga's ghost hits you!
You die...

....................######.......
#......#.............############
#................................
#..........#...###.............≈≈
#..........#...# #...........§≈≈§
#..........#...###...........§§§§
#...........................≈≈...
#......###...).W......#.....≈≈...
#..)...# #.....W@..........≈8..._
###....######''W####........≈≈...
#......#♣.......♣#........≈≈.§§
##.....#⌠.......⌠#.........≈≈..
###.....#♣.......♣#..........≈≈§
#.......#$.......?#...........≈≈
#....#..##8.....8##............§
#........##..8!/##..############
##....###..#######...###.........


You could see Sambug2000's ghost, sanboga's ghost and speculusfracta's ghost.

Vanquished Creatures
  Pikel (D:4)
  Grinder (D:5)
  A hornet (D:7)
  2 steam dragons (D:7)
  An ice beast (D:7)
  A black bear (D:5)
  2 ogres
  4 centaurs
  2 phantoms
  3 bullfrogs
  A necrophage (D:6)
  3 scorpions
  4 hounds
  3 iron imps (D:7)
  6 orc priests
  3 iguanas
  Ijyb (D:4)
  An orc wizard (D:7)
  4 gnolls (D:7)
  5 adders
  A shadow imp (D:5)
  A white imp (D:7)
  3 ufetubi
  3 worms
  A dart slug (D:2)
  21 orcs
  4 bats
  3 endoplasms
  2 giant cockroaches
  7 goblins
  7 hobgoblins
  6 jackals
  3 quokkas
  11 ball pythons
  5 frilled lizards
  6 kobolds
  4 rats
137 creatures vanquished.

Vanquished Creatures (others)
  A shadow imp (D:7)
  A dart slug (D:4)
  An orc (D:4)
  An endoplasm (D:4)
  A fungus (D:1)
  2 plants (D:1)
7 creatures vanquished.

Grand Total: 144 creatures vanquished

Notes
Turn   | Place    | Note
-------+----------+-------------------------------------------
     0 | D:1      | ketamineguy the Minotaur Fighter began the quest for the
                  | Orb.
     0 | D:1      | Reached XP level 1. HP: 19/19 MP: 0/0
    38 | D:1      | Reached XP level 2. HP: 23/27 MP: 1/1
   322 | D:1      | Found a faded altar of an unknown god.
   416 | D:1      | You fall into a shaft and drop 1 floor!
   448 | D:2      | Reached XP level 3. HP: 11/33 MP: 2/2
   684 | D:2      | Reached skill level 3 in Axes
  1297 | D:3      | Reached XP level 4. HP: 40/40 MP: 3/3
  1801 | D:4      | Reached skill level 1 in Dodging
  1806 | D:4      | Reached skill level 4 in Axes
  1811 | D:4      | Reached XP level 5. HP: 41/46 MP: 4/4
  1847 | D:4      | Reached skill level 5 in Armour
  1869 | D:4      | Reached skill level 5 in Axes
  1882 | D:4      | Found a staircase to the Ecumenical Temple.
  1891 | Temple   | Entered the Ecumenical Temple
  2039 | Temple   | Became a worshipper of Trog the Wrathful
  2156 | D:4      | Noticed Ijyb
  2168 | D:4      | Noticed Pikel
  2168 | D:4      | Noticed a lemure
  2168 | D:4      | Noticed a lemure
  2168 | D:4      | Noticed a lemure
  2168 | D:4      | Noticed a lemure
  2384 | D:4      | Killed Ijyb
  2403 | D:4      | Reached XP level 6. HP: 23/52 MP: 5/5
  2404 | D:4      | Reached skill level 6 in Axes
  2492 | D:4      | Killed Pikel
  2493 | D:4      | Reached skill level 7 in Axes
  2493 | D:4      | Reached XP level 7. HP: 48/60 MP: 6/6
  2505 | D:4      | Reached skill level 8 in Axes
  2711 | D:5      | Entered Level 5 of the Dungeon
  2730 | D:5      | Reached skill level 5 in Fighting
  2754 | D:5      | Noticed Grinder
  2755 | D:5      | Paralysed by Grinder for 3 turns
  2761 | D:5      | Paralysed by Grinder for 2 turns
  2771 | D:5      | Killed Grinder
  2772 | D:5      | Reached XP level 8. HP: 60/68 MP: 7/7
  2948 | D:5      | Reached skill level 9 in Axes
  3082 | D:5      | Noticed a +0 dagger
  3082 | D:5      | Noticed a +0 hand axe
  3088 | D:5      | Found a hide-covered altar of Uskayaw.
  3187 | D:5      | Reached skill level 10 in Axes
  3243 | D:5      | Reached * piety under Trog
  3915 | D:6      | Reached skill level 5 in Shields
  4074 | D:6      | Reached XP level 9. HP: 71/74 MP: 8/8
  4437 | D:7      | Reached skill level 11 in Axes
  4559 | D:7      | Reached ** piety under Trog
  4567 | D:7      | Found Wumu's General Store.
  4570 | D:7      | Bought a potion of curing for 33 gold pieces
  4570 | D:7      | Bought a scroll of identify for 22 gold pieces
  4570 | D:7      | Bought a scroll of fear for 44 gold pieces
  4662 | D:7      | Found a runed translucent gate.
  4662 | D:7      | Found a runed translucent gate.
  4662 | D:7      | Found a runed translucent gate.
  4666 | D:7      | Noticed sanboga's ghost (novice TrMo)
  4666 | D:7      | Noticed Sambug2000's ghost (novice HOFi)
  4666 | D:7      | Noticed speculusfracta's ghost (novice DENe)
  4684 | D:7      | Found a burning altar of Makhleb.
  4686 | D:7      | Paralysed by a hornet for 1 turns
  4689 | D:7      | Paralysed by a hornet for 1 turns
  4808 | D:7      | Reached skill level 12 in Axes
  5045 | D:7      | HP: 5/109 [speculusfracta's ghost/vampiric draining (22)]
  5047 | D:7      | Slain by sanboga's ghost

Illustrated notes

Levels and vault maps discovered:
D:1:      minmay_arrival_five_plusses, layout_rooms,
          shapermc_ecumenical_altar_acropolis
D:2:      layout_rooms
D:3:      layout_basic
D:4:      layout_cave_pools, minmay_temple_entry_wispy, st_stairs_13,
          dk_noncrumbling_4, minivault_25, uniq_pikel, uniq_ijyb
D:5:      layout_basic, dancing_weapons_uskayaw, uniq_grinder
D:6:      layout_loops_corners
D:7:      layout_basic, demons_altar, serial_shops,
          nicolae_shop_window_shopping, gammafunk_ghost_cemetery
Temple:   hc_temple_tempest_star

Skill      XL: |  1  2  3  4  5  6  7  8  9 |
---------------+----------------------------+-----
Armour         | 4 5 6 7 9 |  9.0
Fighting       | 4 5 6 |  6.1
Shields        | 4 5 |  5.4
Axes           | 3 4 5 7 8 10 12 | 12.0
Dodging        | 1 2 |  2.5
Stealth        | |  0.6

Action                   |  1- 3 |  4- 6 |  7- 9 || total
-------------------------+-------+-------+-------++-------
Melee: War axe           |    90 |    92 |   224 ||   406
       Headbutt          |     8 |    17 |    45 ||    70
Throw: Dart              |       |       |     1 ||     1
Invok: Berserk           |       |       |     2 ||     2
       Trog's Hand       |       |       |     1 ||     1
  Use: Potion            |       |     3 |     3 ||     6
       Scroll            |       |    10 |     3 ||    13
Armor: Scale mail        |    43 |    11 |       ||    54
       Chain mail        |       |    60 |   121 ||   181
Dodge: Dodged            |    59 |    40 |    66 ||   165
Block: Buckler           |    22 |    26 |    55 ||   103
